TOP OF THE 1ST |
Athletic Club KC Reserves batting - Pitching for Milton Dogfish Head : RHP Danial Apodaca
|
Pitching: RHP Danial Apodaca
|
|
Batting: RHB Filip Huigen
|
0-0: Ball 1-0: SINGLE (Groundball, 34) (infield hit)
|
Batting: RHB Altifício Azor
|
0-0: Ball 1-0: Called Strike 1-1: Ball 2-1: SINGLE (Groundball, 56D) Filip Huigen to second
|
Batting: LHB Ben Fleming
|
0-0: Foul Ball, location: 2F 0-1: Ball Filip Huigen steals 3rd base Altifício Azor to second 1-1: Ball 2-1: Ball 3-1: Ground out U3 (Groundball, 34S) Filip Huigen scores Altifício Azor to third
|
Batting: LHB Chris Hill
|
0-0: Foul Ball, location: 2F 0-1: Swinging Strike 0-2: Strikes out swinging
|
Batting: SHB Sang-your Yu
|
0-0: DOUBLE (Line Drive, 89D) Altifício Azor scores
|
Batting: LHB Enrique Miranda
|
0-0: Ball 1-0: Ball 2-0: Ball 3-0: Base on Balls
|
Batting: RHB Geoff Rivers
|
0-0: Foul Ball, location: 2F 0-1: Called Strike 0-2: Ball 1-2: Fielders Choice at 2nd, 5-4 (Groundball, 56)
|
Top of the 1st over - 2 run(s), 3 hit(s), 0 error(s), 1 left on base; Athletic Club KC 2 - Milton 0 |
BOTTOM OF THE 1ST |
Milton Dogfish Head batting - Pitching for Athletic Club KC Reserves : RHP Sook Sung-Man
|
Pitching: RHP Sook Sung-Man
|
|
Batting: RHB José Correa
|
0-0: Called Strike 0-1: Ball 1-1: Foul Ball, location: 2F 1-2: Foul Ball, location: 2F 1-2: Ball 2-2: Ground out 6-3 (Groundball, 6)
|
Batting: LHB Víctor Robledo
|
0-0: Fly out, F9 (Flyball, 89S)
|
Batting: RHB Bryce Bancroft
|
0-0: Called Strike 0-1: Ball 1-1: Ball 2-1: Ball 3-1: Foul Ball, location: 2F 3-2: SINGLE (Groundball, 56D)
|
Batting: LHB António Ramos
|
0-0: Ball 1-0: Ball 2-0: Called Strike 2-1: Foul Ball, location: 2F 2-2: Foul Ball, location: 2F 2-2: SINGLE (Groundball, 56D) Bryce Bancroft to second
|
Batting: LHB Floyd Long
|
0-0: Fly out, F2 (Popup, 56S)
|
Bottom of the 1st over - 0 run(s), 2 hit(s), 0 error(s), 2 left on base; Athletic Club KC 2 - Milton 0 |
TOP OF THE 2ND |
Athletic Club KC Reserves batting - Pitching for Milton Dogfish Head : RHP Danial Apodaca
|
Batting: LHB Michael Landry
|
0-0: Ground out 4-3 (Groundball, 4)
|
Batting: RHB Chris Teague
|
0-0: Called Strike 0-1: Foul Ball, location: 2F 0-2: Ball 1-2: Strikes out looking
|
Batting: RHB Filip Huigen
|
0-0: Ball 1-0: Called Strike 1-1: SINGLE (Groundball, 34D)
|
Batting: RHB Altifício Azor
|
0-0: Ball 1-0: Foul Ball, location: 2F 1-1: SINGLE (Line Drive, 6) Filip Huigen to second
|
Batting: LHB Ben Fleming
|
0-0: Called Strike 0-1: Ball 1-1: Swinging Strike 1-2: Foul Ball, location: 2F 1-2: Ball 2-2: SINGLE (Line Drive, 34) Filip Huigen to third Altifício Azor to second Runner from 3rd tries for Home, SAFE, no throw
|
Batting: LHB Chris Hill
|
0-0: Ball 1-0: Ball 2-0: Ball 3-0: Base on Balls Altifício Azor to third Ben Fleming to second
|
Batting: SHB Sang-your Yu
|
0-0: Called Strike 0-1: Ball 1-1: Foul Ball, location: 2F 1-2: Fly out, F9 (Flyball, 89M)
|
Top of the 2nd over - 1 run(s), 3 hit(s), 0 error(s), 3 left on base; Athletic Club KC 3 - Milton 0 |
BOTTOM OF THE 2ND |
Milton Dogfish Head batting - Pitching for Athletic Club KC Reserves : RHP Sook Sung-Man
|
Batting: LHB Edward Woodstock
|
0-0: Ball 1-0: Fly out, F8 (Flyball, 8LS)
|
Batting: RHB David Sánchez
|
0-0: Called Strike 0-1: Ground out 6-3 (Groundball, 6)
|
Batting: LHB Luis Vicenteno
|
0-0: Ball 1-0: Called Strike 1-1: Called Strike 1-2: Ball 2-2: Ball 3-2: Fly out, F3 (Line Drive, 3S)
|
Bottom of the 2nd over - 0 run(s), 0 hit(s), 0 error(s), 0 left on base; Athletic Club KC 3 - Milton 0 |
TOP OF THE 3RD |
Athletic Club KC Reserves batting - Pitching for Milton Dogfish Head : RHP Danial Apodaca
|
Batting: LHB Enrique Miranda
|
0-0: Ball 1-0: Called Strike 1-1: Ball 2-1: Ball 3-1: SINGLE (Line Drive, 89S)
|
Batting: RHB Geoff Rivers
|
0-0: Ball 1-0: Foul Ball, location: 2F 1-1: Foul Ball, location: 2F 1-2: Strikes out swinging
|
Batting: LHB Michael Landry
|
0-0: Foul Ball, location: 2F 0-1: Ball 1-1: Foul Ball, location: 2F 1-2: Ball 2-2: Ball 3-2: Base on Balls Enrique Miranda to second
|
Batting: RHB Chris Teague
|
0-0: Ball 1-0: Swinging Strike 1-1: Grounds into double play, 6-4-3 (Groundball, 6D)
|
Top of the 3rd over - 0 run(s), 1 hit(s), 0 error(s), 1 left on base; Athletic Club KC 3 - Milton 0 |
BOTTOM OF THE 3RD |
Milton Dogfish Head batting - Pitching for Athletic Club KC Reserves : RHP Sook Sung-Man
|
Batting: SHB Javier Luna
|
0-0: Called Strike 0-1: Ball 1-1: Called Strike 1-2: SINGLE (Groundball, 6MD)
|
Batting: RHB José Correa
|
0-0: Ball 1-0: Called Strike 1-1: Swinging Strike 1-2: Ball 2-2: Strikes out looking
|
Batting: LHB Víctor Robledo
|
0-0: Called Strike 0-1: Ball 1-1: Fly out, F8 (Flyball, 8RD)
|
Batting: RHB Bryce Bancroft
|
0-0: Ball 1-0: Ball 2-0: Ball 3-0: Base on Balls Javier Luna to second
|
Batting: LHB António Ramos
|
0-0: Foul Ball, location: 2F 0-1: Ball 1-1: Swinging Strike 1-2: Fly out, F7 (Flyball, 7S)
|
Bottom of the 3rd over - 0 run(s), 1 hit(s), 0 error(s), 2 left on base; Athletic Club KC 3 - Milton 0 |
TOP OF THE 4TH |
Athletic Club KC Reserves batting - Pitching for Milton Dogfish Head : RHP Danial Apodaca
|
Batting: RHB Filip Huigen
|
0-0: SINGLE (Flyball, 89S)
|
Batting: RHB Altifício Azor
|
0-0: SINGLE (Flyball, 7S) Filip Huigen to second
|
Batting: LHB Ben Fleming
|
0-0: Called Strike 0-1: Ball 1-1: Swinging Strike 1-2: Strikes out swinging
|
Batting: LHB Chris Hill
|
0-0: Ball 1-0: Fly out, F9 (Flyball, 9LS)
|
Batting: SHB Sang-your Yu
|
0-0: Fly out, F8 (Flyball, 78S)
|
Top of the 4th over - 0 run(s), 2 hit(s), 0 error(s), 2 left on base; Athletic Club KC 3 - Milton 0 |
BOTTOM OF THE 4TH |
Milton Dogfish Head batting - Pitching for Athletic Club KC Reserves : RHP Sook Sung-Man
|
Batting: LHB Floyd Long
|
0-0: Ball 1-0: Ball 2-0: Called Strike 2-1: Foul Ball, location: 2F 2-2: Strikes out swinging
|
Batting: LHB Edward Woodstock
|
0-0: Called Strike 0-1: Called Strike 0-2: SINGLE (Groundball, 4) (infield hit)
|
Batting: RHB David Sánchez
|
0-0: Called Strike 0-1: Ball 1-1: Swinging Strike 1-2: Foul Ball, location: 2F 1-2: Foul Ball, location: 2F 1-2: Foul Ball, location: 2F 1-2: Fly out, F6 (Flyball, 6D)
|
Batting: LHB Luis Vicenteno
|
0-0: Ball 1-0: Called Strike 1-1: Ball 2-1: Foul Ball, location: 2F 2-2: SINGLE (Groundball, 6) (infield hit) Edward Woodstock to second
|
Batting: SHB Javier Luna
|
0-0: Fly out, F8 (Flyball, 8LS)
|
Bottom of the 4th over - 0 run(s), 2 hit(s), 0 error(s), 2 left on base; Athletic Club KC 3 - Milton 0 |
TOP OF THE 5TH |
Athletic Club KC Reserves batting - Pitching for Milton Dogfish Head : RHP Danial Apodaca
|
Batting: LHB Enrique Miranda
|
0-0: Ball 1-0: Called Strike 1-1: Ball 2-1: Foul Ball, location: 2F 2-2: Foul Ball, location: 2F 2-2: Ball 3-2: SINGLE (Line Drive, 4D)
|
Batting: RHB Geoff Rivers
|
0-0: Ball 1-0: Called Strike 1-1: Grounds into double play, 6-4-3 (Groundball, 56)
|
Batting: LHB Michael Landry
|
0-0: Single, Error in OF, E7, batter to second base
|
Batting: RHB Chris Teague
|
0-0: Ball 1-0: Ball 2-0: Ball 3-0: Base on Balls
|
Batting: RHB Filip Huigen
|
0-0: Called Strike 0-1: Fly out, F8 (Flyball, 8RM)
|
Top of the 5th over - 0 run(s), 2 hit(s), 1 error(s), 2 left on base; Athletic Club KC 3 - Milton 0 |
BOTTOM OF THE 5TH |
Milton Dogfish Head batting - Pitching for Athletic Club KC Reserves : RHP Sook Sung-Man
|
Batting: RHB José Correa
|
0-0: Ball 1-0: Fly out, F8 (Flyball, 89S)
|
Batting: LHB Víctor Robledo
|
0-0: Ball 1-0: Swinging Strike 1-1: Fly out, F4 (Line Drive, 34)
|
Batting: RHB Bryce Bancroft
|
0-0: Ball 1-0: Ball 2-0: Ball 3-0: Base on Balls
|
Batting: LHB António Ramos
|
0-0: Ball 1-0: Foul Ball, location: 2F 1-1: Ball 2-1: Ball 3-1: Fly out, F4 (Popup, 34D)
|
Bottom of the 5th over - 0 run(s), 0 hit(s), 0 error(s), 1 left on base; Athletic Club KC 3 - Milton 0 |
TOP OF THE 6TH |
Athletic Club KC Reserves batting - Pitching for Milton Dogfish Head : RHP Danial Apodaca
|
Batting: RHB Altifício Azor
|
0-0: Fly out, F9 (Flyball, 9)
|
Batting: LHB Ben Fleming
|
0-0: Called Strike 0-1: Ball 1-1: Ball 2-1: Ball 3-1: Foul Ball, location: 2F 3-2: Base on Balls
|
Batting: LHB Chris Hill
|
0-0: Swinging Strike 0-1: Fly out, F8 (Flyball, 8LD)
|
Pitching: LHP Santiago Mesa
|
|
Batting: SHB Sang-your Yu
|
0-0: Ball 1-0: Fielders Choice at 2nd, 6-4 (Groundball, 6)
|
Top of the 6th over - 0 run(s), 0 hit(s), 0 error(s), 0 left on base; Athletic Club KC 3 - Milton 0 |
BOTTOM OF THE 6TH |
Milton Dogfish Head batting - Pitching for Athletic Club KC Reserves : RHP Sook Sung-Man
|
Pitching: RHP Dempster Kelly
|
|
Batting: LHB Floyd Long
|
0-0: Ball 1-0: Fly out, F4 (Popup, 34)
|
Batting: LHB Edward Woodstock
|
0-0: Foul Ball, location: 2F 0-1: Called Strike 0-2: Foul Ball, location: 2F 0-2: Ball 1-2: Ground out 3-1 (Groundball, 34S)
|
Batting: RHB David Sánchez
|
0-0: Swinging Strike 0-1: Ball 1-1: Ball 2-1: Ball 3-1: Reached on error, E7 (Flyball, 7)
|
Batting: LHB Luis Vicenteno
|
0-0: Ball 1-0: Foul Ball, location: 2F 1-1: Foul Ball, location: 2F 1-2: Foul Ball, location: 2F 1-2: Foul Ball, location: 2F 1-2: Ball 2-2: Ground out 1-3 (Groundball, 13S)
|
Bottom of the 6th over - 0 run(s), 0 hit(s), 1 error(s), 1 left on base; Athletic Club KC 3 - Milton 0 |
TOP OF THE 7TH |
Athletic Club KC Reserves batting - Pitching for Milton Dogfish Head : LHP Santiago Mesa
|
Batting: LHB Enrique Miranda
|
0-0: Ball 1-0: DOUBLE (Line Drive, 7LM)
|
Batting: RHB Geoff Rivers
|
0-0: Intentional Walk
|
Batting: LHB Michael Landry
|
0-0: Ball 1-0: Ball 2-0: Ball 3-0: Called Strike 3-1: Sac Bunt - play at third, runner OUT! 1-5 Geoff Rivers to second
|
Batting: RHB Chris Teague
|
0-0: DOUBLE (Line Drive, 7LM) Geoff Rivers scores Michael Landry to third Runner from 3rd tries for Home, SAFE, no throw
|
Batting: RHB Filip Huigen
|
0-0: Called Strike 0-1: Ball 1-1: Fly out, F7 (Flyball, 7D) Runner from 2nd tags up, SAFE at 3rd, no throw
|
Batting: RHB Altifício Azor
|
0-0: Ball 1-0: Ball 2-0: Ball 3-0: Called Strike 3-1: Called Strike 3-2: Foul Ball, location: 2F 3-2: Strikes out swinging
|
Top of the 7th over - 2 run(s), 2 hit(s), 0 error(s), 1 left on base; Athletic Club KC 5 - Milton 0 |
BOTTOM OF THE 7TH |
Milton Dogfish Head batting - Pitching for Athletic Club KC Reserves : RHP Dempster Kelly
|
Batting: SHB Javier Luna
|
0-0: Foul Ball, location: 2F 0-1: SOLO HOME RUN (Flyball, 89XD), Distance : 414 ft
|
Batting: RHB José Correa
|
0-0: Ball 1-0: Foul Ball, location: 2F 1-1: Ball 2-1: Foul Ball, location: 2F 2-2: Fly out, F7 (Flyball, 7LM)
|
Batting: LHB Víctor Robledo
|
0-0: Ground out 1-3 (Groundball, 15S)
|
Batting: RHB Bryce Bancroft
|
0-0: Ball 1-0: Foul Ball, location: 2F 1-1: Ball 2-1: Ball 3-1: Called Strike 3-2: Strikes out swinging
|
Bottom of the 7th over - 1 run(s), 1 hit(s), 0 error(s), 0 left on base; Athletic Club KC 5 - Milton 1 |
TOP OF THE 8TH |
Athletic Club KC Reserves batting - Pitching for Milton Dogfish Head : LHP Santiago Mesa
|
Batting: LHB Ben Fleming
|
0-0: Ball 1-0: Called Strike 1-1: Ball 2-1: Ball 3-1: Ground out 5-3 (Groundball, 56)
|
Batting: LHB Chris Hill
|
0-0: Ball 1-0: Swinging Strike 1-1: Foul Ball, location: 2F 1-2: Ball 2-2: Foul Ball, location: 2F 2-2: Strikes out swinging
|
Batting: SHB Sang-your Yu
|
0-0: Ball 1-0: Foul Ball, location: 2F 1-1: Foul Ball, location: 2F 1-2: Ground out 1-3 (Groundball, P)
|
Top of the 8th over - 0 run(s), 0 hit(s), 0 error(s), 0 left on base; Athletic Club KC 5 - Milton 1 |
BOTTOM OF THE 8TH |
Milton Dogfish Head batting - Pitching for Athletic Club KC Reserves : RHP Dempster Kelly
|
Batting: LHB António Ramos
|
0-0: Called Strike 0-1: Ball 1-1: Swinging Strike 1-2: Strikes out swinging
|
Batting: LHB Floyd Long
|
0-0: Ball 1-0: Called Strike 1-1: Called Strike 1-2: DOUBLE (Line Drive, 7LM)
|
Batting: LHB Edward Woodstock
|
0-0: Called Strike 0-1: Ball 1-1: Ball 2-1: Ball 3-1: Called Strike 3-2: SINGLE (Line Drive, 9S) Floyd Long to third Runner from 3rd tries for Home, SAFE, throw made home Edward Woodstock to second
|
Pitching: RHP Alfonso Álvarez
|
|
Batting: RHB David Sánchez
|
0-0: Ball 1-0: Called Strike 1-1: Ball 2-1: Fly out, F8 (Flyball, 8LM)
|
Pitching: RHP Eric Lang
|
|
Batting: LHB Luis Vicenteno
|
0-0: Ball 1-0: Called Strike 1-1: Ball 2-1: Foul Ball, location: 2F 2-2: Foul Ball, location: 2F 2-2: Strikes out swinging
|
Bottom of the 8th over - 1 run(s), 2 hit(s), 0 error(s), 1 left on base; Athletic Club KC 5 - Milton 2 |
TOP OF THE 9TH |
Athletic Club KC Reserves batting - Pitching for Milton Dogfish Head : LHP Santiago Mesa
|
Batting: LHB Enrique Miranda
|
0-0: Ball 1-0: Ball 2-0: Called Strike 2-1: Swinging Strike 2-2: Strikes out swinging
|
Pitching: RHP Mark Valle
|
|
Batting: RHB Geoff Rivers
|
0-0: Swinging Strike 0-1: Swinging Strike 0-2: Ground out 4-3 (Groundball, 4)
|
Batting: LHB Michael Landry
|
0-0: Ball 1-0: Ball 2-0: Ball 3-0: Called Strike 3-1: Swinging Strike 3-2: Ground out 5-3 (Groundball, 2L)
|
Top of the 9th over - 0 run(s), 0 hit(s), 0 error(s), 0 left on base; Athletic Club KC 5 - Milton 2 |
BOTTOM OF THE 9TH |
Milton Dogfish Head batting - Pitching for Athletic Club KC Reserves : RHP Eric Lang
|
Pitching: LHP António Silva
|
|
Batting: SHB Javier Luna
|
0-0: Foul Ball, location: 2F 0-1: Fly out, F6 (Flyball, 6D)
|
Batting: RHB José Correa
|
0-0: Swinging Strike 0-1: Ball 1-1: Foul Ball, location: 2F 1-2: Ball 2-2: DOUBLE (Line Drive, 8RD)
|
Batting: LHB Víctor Robledo
|
0-0: SINGLE (Groundball, 5D) José Correa to third Runner from 3rd tries for Home, throw and OUT! Víctor Robledo to second
|
Batting: RHB Bryce Bancroft
|
0-0: Ball 1-0: SINGLE (Line Drive, 89S) Víctor Robledo to third Runner from 3rd tries for Home, SAFE, no throw
|
Pinch Hitting: RHB Fernando Silva
|
0-0: Called Strike 0-1: Ball 1-1: Ball 2-1: Fly out, F8 (Line Drive, 78D)
|
Bottom of the 9th over - 1 run(s), 3 hit(s), 0 error(s), 1 left on base; Athletic Club KC 5 - Milton 3 |
|